AoeStats
← Isengard

Lombardia

509034033Analyzed
4v4 RM · 6d ago on Sep 25, 2026· 19m 59s· 8 players
Game mode
Random Map
Map size
Large (8 player)
Population
200
Speed
Normal
Resources
Standard
Victory
Conquest
Starting age
Dark Age
Ending age
Imperial Age
RankedLock teamsTeams togetherTeam positionsShared explorationLock speedFull tech treeHidden civsTurbo modeCheats
Victory
Defeat
🇲🇽 Varangians · Mexico
1547
+17
1513
+18
🇨🇦 Saxons · Canada
1496
+19
🇹🇼 Magyars · Taiwan
1496
+19
🇩🇿 Poles · Algeria
1610
-20
🇺🇸 Varangians · United States
1603
-21
🇲🇩 Mongols · Moldova
1582
-19
🇺🇸 Italians · United States
1431
-13
eL| Barry_Allen
6:31 Loom
9:11 Feudal Age
9:52 Double-Bit Axe
10:27 Horse Collar
17:32 Bloodlines
18:52 Scale Barding Armor
xXbananamanXx
9:40 Feudal Age
14:15 Castle Age
12:51 Double-Bit Axe
13:13 Fletching
15:10 Bodkin Arrow
菜就怪隊友
6:39 Loom
9:44 Feudal Age
12:20 Double-Bit Axe
15:42 Bloodlines
19:15 Fletching
19:34 Horse Collar
大冲车 滴滴 创死你
10:19 Feudal Age
14:22 Castle Age
12:17 Horse Collar
16:18 Loom
16:28 Gold Mining
Isengard
solo rankeding
6:49 Loom
9:09 Feudal Age
9:54 Double-Bit Axe
11:58 Fletching
hl.exe
6:24 Loom
9:21 Feudal Age
10:00 Town Watch
11:42 Double-Bit Axe
20:27 Forging
[C82]sasuke
6:35 Loom
9:45 Feudal Age
11:59 Bloodlines
Connection lost

Rejoining the realm…

Still unreachable

The connection could not be restored.

Session expired

The server has moved on; the page needs a fresh start.